 Dungeon Crawl Stone Soup version 0.25-a0-2-g6559c6c67a (webtiles) character file.

Game seed: 12557315130505859390, levelgen mode: deterministic

3944 Kohma the Martial Artist (level 10, 0/81 HPs)
             Began as an Octopode Transmuter on Oct 13, 2019.
             Was a Follower of Makhleb.
             Killed by vampiric draining
             ... invoked by a vampire
              (7 damage)
             ... on level 8 of the Dungeon on Oct 14, 2019.
             The game lasted 00:35:42 (10954 turns).

Kohma the Martial Artist (Octopode Transmuter)     Turns: 10954, Time: 00:35:43

Health: 0/81       AC:  6    Str: 14    XL:     10   Next: 21%
Magic:  9/16       EV: 15    Int: 21    God:    Makhleb [*.....]
Gold:   426        SH:  0    Dex: 15    Spells: 2/17 levels left

rFire    x . .     SeeInvis .     - Unarmed
rCold    + + +     Gourm    .   (shield currently unavailable)
rNeg     . . .     Faith    .   (helmet currently unavailable)
rPois    +         Spirit   .   l - amulet of magic regeneration
rElec    .         Reflect  .   o - +2 ring of evasion
rCorr    .         Harm     .   x - +4 ring of intelligence
MR       .....                  v - ring of wizardry
Stlth    +.........             (no ring)
HPRegen  0.23/turn              (no ring)
MPRegen  0.40/turn              (no ring)
                                (no ring)
                                (no ring)

@: mighty, ice-form
A: large, almost no armour, stealthy swim, amphibious, 8 rings, (constrict 8)
a: End Transformation, Renounce Religion


You were on level 8 of the Dungeon.
You worshipped Makhleb.
Makhleb was aware of your devotion.
You were hungry.
You were a creature of crystalline ice.
You visited 2 branches of the dungeon, and saw 10 of its levels.

You collected 426 gold pieces.

Inventory:

Hand Weapons
 B - the cursed +2 falchion of Corruption {freeze, MR+++ MP+9 Dex-3 SInv}
   (You found it on level 5 of the Dungeon)

   It has been specially enchanted to freeze those struck by it, causing extra
   injury to most foes and up to half again as much damage against particularly
   susceptible opponents.
   It can also slow down cold-blooded creatures.
   It affects your dexterity (-3).
   It affects your resistance to hostile enchantments.
   It affects your magic capacity (+9).
   It lets you see invisible.
   It has a curse placed upon it.
 G - the cursed +1 falchion of Plunder {slice, rElec rF+++ rN+ Stlth+}
   (You found it on level 7 of the Dungeon)

   It inflicts extra damage upon your enemies.
   It renders you almost immune to fire.
   It insulates you from electricity.
   It protects you from negative energy.
   It makes you more stealthy.
   It has a curse placed upon it.
Missiles
 a - 113 arrows
 k - 27 poisoned darts (quivered)
 s - 289 stones
 w - 3 curare-tipped darts
 A - 3 silver boomerangs
 K - a throwing net
Armour
 J - a +2 shield
Magical Staves
 I - an uncursed staff of summoning
Jewellery
 l - an amulet of magic regeneration (around neck)
 o - a +2 ring of evasion (left front paw)
 v - a ring of wizardry (on tentacle)
 x - a +4 ring of intelligence (right front paw)
 D - an uncursed ring of fire
 L - an uncursed ring of ice {unknown}
Wands
 n - a wand of flame (32)
 y - a wand of paralysis (7)
Scrolls
 b - a scroll of fog
 e - 4 scrolls of teleportation
 f - 3 scrolls of magic mapping
 g - 3 scrolls of remove curse
 i - 2 scrolls of immolation
 m - 2 scrolls of random uselessness
 C - a scroll of amnesia
 H - 2 scrolls of identify
Potions
 d - a potion of lignification {unknown}
 h - a potion of brilliance
 j - a potion of might
 p - a potion of mutation {unknown}
 q - a potion of magic {unknown}
 r - a potion of ambrosia {unknown}
 t - 3 potions of flight
 u - a potion of curing
 z - a potion of invisibility {unknown}
 F - a potion of agility {unknown}
Comestibles
 c - 13 rations


   Skills:
 + Level 6.0 Fighting
 - Level 6.0 Dodging
 + Level 0.0 Shields
 * Level 9.8 Unarmed Combat
 - Level 4.0 Spellcasting
 - Level 2.0 Translocations
 - Level 4.0 Transmutations
 - Level 3.0 Ice Magic
 - Level 3.3 Poison Magic


You had 2 spell levels left.
You knew the following spells:

 Your Spells              Type           Power        Failure   Level  Hunger
a - Beastly Appendage     Tmut           ###...       1%          1    None
b - Sticks to Snakes      Tmut           ###.....     1%          2    #......
c - Spider Form           Tmut/Pois      ###.......   3%          3    ###....
d - Ice Form              Ice/Tmut       ###.....     12%         4    ####...
e - Blink                 Tloc           N/A          3%          2    #......
f - Mephitic Cloud        Conj/Pois/Air  #.......     9%          3    ###....

Your spell library contained the following spells:

 Spells                   Type           Power        Failure   Level  Hunger
 Confusing Touch          Hex            #.....       4%          1    None
 Magic Dart               Conj           #...         4%          1    None
 Call Imp                 Summ           #.......     8%          2    #......
 Slow                     Hex            #.......     8%          2    #......
 Gell's Gravitas          Tloc           ##........   6%          3    ###....
 Confuse                  Hex            #.......     14%         3    ###....
 Conjure Flame            Conj/Fire      #.......     14%         3    ###....
 Petrify                  Tmut/Erth      ##......     21%         4    ####...
 Blade Hands              Tmut           ###.......   26%         5    ######.
 Yara's Violent Unravell  Hex/Tmut       ##........   47%         5    ######.
 Metabolic Englaciation   Hex/Ice        ##........   54%         5    ######.


Dungeon Overview and Level Annotations

Branches:
Dungeon (9/15)             Temple (1/1) D:6
   Lair: D:8-11         Orc: D:9-12

Altars:
Ashenzari
Cheibriados
Dithmenos
Elyvilon
Fedhas
Gozag
Hepliaklqana
Kikubaaqudgha
Makhleb
Nemelex Xobeh
Okawaru
Qazlal
Ru
Sif Muna
Trog
Uskayaw
Vehumet
Wu Jian
Xom
Yredelemnul
Zin
The Shining One

Shops:
D:7 =

Annotations:
D:3 1 runed translucent door, Torious2's ghost, amateur DECj
D:7 1 runed translucent door


Innate Abilities, Weirdness & Mutations

You cannot wear most types of armour.
You are very stealthy in the water. (Stealth+)
You are amphibious.
You can wear up to eight rings at the same time.
((You can use your tentacles to constrict eight enemies at once.))
((Your skin changes colour to match your surroundings (Stealth+).))
((Your rubbery body absorbs attacks. (AC +1, EV +1)))


Message History

Casting: Blink (safe; 3% risk of failure)
Confirm with . or Enter, or press ? or * to list all spells.
You blink.
Something hits you!
* * * LOW HITPOINT WARNING * * *
Something bites you but does no damage.
Casting: Blink (safe; 3% risk of failure)
Confirm with . or Enter, or press ? or * to list all spells.
You blink.
Something barely misses you. Something completely misses you.
All of the chunks of flesh in your inventory have rotted away.
There is a stone staircase leading up here.
Something completely misses you. Something bites you.
* * * LOW HITPOINT WARNING * * *
Something draws strength from your injuries!
You climb upwards.
Reactivating autopickup.
There is a stone staircase leading down here.
You feel very mighty all of a sudden.
Unholy energy fills the air.
You die...

...........# ###.###.#.#..##..
########...#### #.###...#.....#
##.....## #.#....#..###.. #####
#.#.#..####...##...## ### ....#
#.#.##............## #. ....#
##.#........##.###.######.
....####......####....###........
....##....#..#######....###..###.
................Y................
....#####.....#########..###...##
....####...##..# #........#
....#....#..##.## #^##.....##
....#.#####..#..# #..........
#####.# ##.##.## ###.)...##.
####.# #.##..# #.##..... ##....#
#..##.########.##..... #..####
##.##>.....##).###....


There were no monsters in sight!

Vanquished Creatures
  A hornet (D:7)
  2 hippogriffs
  A wyvern (D:8)
  A soldier ant (D:7)
  A water moccasin (D:7)
  2 orc warriors (D:6)
  A sky beast (D:8)
  A phantom (D:4)
  3 ogres
  4 centaurs
  A gnoll sergeant (D:8)
  4 bullfrogs
  A water moccasin zombie (D:8)
  A scorpion (D:8)
  A killer bee (D:7)
  A howler monkey (D:8)
  A centaur zombie (D:7)
  A bullfrog zombie (D:6)
  2 crimson imps (D:8)
  A quasit (D:7)
  2 bullfrog skeletons
  A jelly (D:7)
  4 orc priests
  6 hounds
  Jessica (D:2)
  3 iguanas
  Ijyb (D:5)
  Natasha (thrice) (D:2)
  Terence (D:3)
  6 orc wizards
  8 worker ants
  A hound skeleton (D:8)
  A howler monkey zombie (D:7)
  16 gnolls
  A worker ant zombie (D:5)
  11 adders
  4 shadow imps
  3 oozes
  A worm (D:3)
  2 dart slugs (D:1)
  4 leopard geckos
  29 orcs
  2 ball pythons
  2 bats (D:1)
  6 giant cockroaches
  8 goblins
  8 hobgoblins
  7 jackals
  4 kobolds
  3 quokkas
  5 frilled lizards
  A jackal skeleton (D:4)
  10 rats
  A butterfly (D:7)
197 creatures vanquished.

Vanquished Creatures (others)
  2 withered plants (D:3)
2 creatures vanquished.

Grand Total: 199 creatures vanquished

Notes
Turn   | Place    | Note
-------+----------+-------------------------------------------
     0 | D:1      | Kohma the Octopode Transmuter began the quest for the Orb.
     0 | D:1      | Reached XP level 1. HP: 13/13 MP: 3/3
   329 | D:1      | Reached XP level 2. HP: 16/18 MP: 3/5
   333 | D:1      | Learned a level 2 spell: Sticks to Snakes
   783 | D:1      | Reached XP level 3. HP: 16/23 MP: 4/6
   805 | D:1      | Learned a level 3 spell: Spider Form
  1404 | D:2      | Noticed Natasha
  1415 | D:2      | Killed Natasha
  1415 | D:2      | Reached skill level 4 in Unarmed Combat
  1415 | D:2      | Reached XP level 4. HP: 28/28 MP: 3/8
  1500 | D:2      | Noticed Natasha
  1508 | D:2      | Killed Natasha
  1639 | D:2      | Reached XP level 5. HP: 23/33 MP: 7/9
  1791 | D:2      | Noticed Jessica
  1798 | D:2      | Killed Jessica
  1903 | D:2      | You fall into a shaft and drop 2 floors!
  1955 | D:3      | Noticed Terence
  1964 | D:3      | Killed Terence
  1982 | D:3      | Found an iron altar of Okawaru.
  2069 | D:2      | Reached skill level 5 in Unarmed Combat
  2357 | D:3      | Found a runed translucent door.
  2357 | D:3      | Noticed Torious2's ghost (amateur DECj)
  2488 | D:3      | Reached skill level 1 in Poison Magic
  2488 | D:3      | Reached XP level 6. HP: 35/38 MP: 10/10
  2999 | D:2      | Noticed Natasha
  3007 | D:2      | Killed Natasha
  3801 | D:4      | Noticed a phantom
  4003 | D:3      | Learned a level 4 spell: Ice Form
  4029 | D:4      | Killed a phantom
  4029 | D:4      | Reached skill level 1 in Ice Magic
  4315 | D:4      | Found a hide-covered altar of Uskayaw.
  4426 | D:4      | Reached XP level 7. HP: 38/43 MP: 11/11
  4738 | D:4      | Found a sacrificial altar of Ru.
  4857 | D:5      | Entered Level 5 of the Dungeon
  5187 | D:5      | Found a shadowy altar of Dithmenos.
  5250 | D:5      | Found a radiant altar of Vehumet.
  5306 | D:5      | Noticed Ijyb
  5309 | D:5      | Paralysed by Ijyb for 5 turns
  5319 | D:5      | Killed Ijyb
  5440 | D:5      | Got a twisted falchion
  6244 | D:6      | Found a sparkling altar of Nemelex Xobeh.
  6245 | D:6      | Found a shimmering altar of Xom.
  6246 | D:6      | Found a blossoming altar of Fedhas.
  6306 | D:6      | Found an opulent altar of Gozag.
  6320 | D:6      | Reached XP level 8. HP: 38/50 MP: 12/12
  6332 | D:6      | Reached skill level 6 in Unarmed Combat
  6333 | D:6      | Identified the +1 leather armour "Soarph" {MR+}
  6620 | D:6      | Found a staircase to the Ecumenical Temple.
  6632 | Temple   | Entered the Ecumenical Temple
  6647 | Temple   | Became a worshipper of Makhleb the Destroyer
  6726 | D:6      | Found a glowing golden altar of the Shining One.
  7289 | D:6      | Reached skill level 7 in Unarmed Combat
  7792 | D:7      | Noticed a hippogriff
  7808 | D:7      | Killed a hippogriff
  7953 | D:7      | Reached XP level 9. HP: 30/58 MP: 11/13
  8148 | D:7      | Noticed a hornet
  8158 | D:7      | Killed a hornet
  8158 | D:7      | Reached skill level 8 in Unarmed Combat
  8418 | D:7      | Upgraded the game from 0.24-b1 to 0.25-a0-2-g6559c6c67a
  8526 | D:7      | Got a bloodstained falchion
  8527 | D:7      | Identified the cursed +1 falchion of Plunder {slice, rElec
                  | rF+++ rN+ Stlth+} (You found it on level 7 of the Dungeon)
  8528 | D:7      | Identified the cursed +2 falchion of Corruption {freeze,
                  | MR+++ MP+9 Dex-3 SInv} (You found it on level 5 of the
                  | Dungeon)
  8549 | D:7      | Reached skill level 5 in Dodging
  8582 | D:7      | Learned a level 2 spell: Blink
  8779 | D:7      | Found a runed translucent door.
  8780 | D:7      | Found a runed translucent door.
  8797 | D:7      | Reached skill level 1 in Translocations
  8803 | D:7      | Reached * piety under Makhleb
  9073 | D:7      | Found Taliosch's Jewellery Boutique.
  9117 | D:7      | Reached skill level 5 in Fighting
  9513 | D:7      | Learned a level 3 spell: Mephitic Cloud
  9595 | D:8      | Reached skill level 9 in Unarmed Combat
  9986 | D:8      | Reached XP level 10. HP: 60/67 MP: 16/16
 10954 | D:8      | Killed from afar by a vampire

Levels and vault maps discovered:
D:1:      shiori_arrival_elements, layout_rooms
D:2:      layout_loops_cross, kennysheep_potato, uniq_natasha, uniq_jessica
D:3:      layout_loops_ring, okawaru_trees_1, first_ration,
          gammafunk_ghost_grave, uniq_terence
D:4:      layout_cave_pools, nicolae_ru_the_path_less_chosen,
          eat_drink_and_be_merry_uskayaw
D:5:      layout_cave_pools, grunt_dithmenos_smoke_and_mirrors, basic_altar,
          uniq_ijyb
D:6:      layout_loops_corners, old_standard_altar,
          lemuel_coloured_pillars_altar,
          chequers_temple_overflow_statue_of_worship, temple_fountains
D:7:      lemuel_insect_pit, layout_basic, serial_shops,
          nicolae_shop_behind_doors
D:8:      layout_rooms
D:9:      layout_basic, gammafunk_ghost_icy, uniq_grum, uniq_psyche
Temple:   cyrus_circular_temple

Skill      XL: |  1  2  3  4  5  6  7  8  9 10 |
---------------+-------------------------------+-----
Unarmed Combat | 4 5 7 9 |  9.8
Spellcasting   | 3 4 |  4.0
Transmutations | 3 4 |  4.0
Poison Magic   | 1 3 |  3.3
Ice Magic      | 1 3 |  3.0
Fighting       | 2 4 5 6 |  6.0
Dodging        | 4 5 6 |  6.0
Translocations | 2 |  2.0

Action                   |  1- 3 |  4- 6 |  7- 9 | 10-12 || total
-------------------------+-------+-------+-------+-------++-------
Melee: Unarmed           |    77 |   142 |   320 |    53 ||   592
       Constrict         |    22 |    16 |    17 |     1 ||    56
       Kick              |     8 |     5 |     1 |       ||    14
       Tentacles         |    10 |    10 |    11 |     1 ||    32
       Punch             |     1 |     2 |     8 |       ||    11
Throw: Stone             |       |     1 |       |       ||     1
       Dart              |       |       |    12 |       ||    12
 Cast: Beastly Appendage |     5 |     8 |     2 |       ||    15
       Spider Form       |     1 |    11 |    17 |     1 ||    30
       Ice Form          |       |       |     4 |     4 ||     8
       Blink             |       |       |       |     7 ||     7
  Use: Scroll            |       |    10 |     8 |       ||    18
       Potion            |       |       |     2 |     1 ||     3
 Stab: Distracted        |     1 |       |       |       ||     1
       Sleeping          |     1 |     6 |     4 |       ||    11
  Eat: Chunk             |     2 |     8 |    18 |     4 ||    32
       Ration            |       |     1 |       |       ||     1
Armor: Skin              |     6 |     1 |    17 |     9 ||    33
Dodge: Dodged            |    46 |    96 |   290 |    46 ||   478

Table legend:
 A = Non-vault XP
 B = Vault XP
 C = Vault XP percentage of total XP
 D = Non-vault monster count
 E = Vault monster count
 F = Vault count percentage of total count
                 A         B        C        D         E       F
            +---------+---------+-------+---------+---------+-------
      Total |    5080 |     555 |   9.8 |     180 |      16 |   8.2
            +---------+---------+-------+---------+---------+-------
        D:1 |      70 |       0 |   0.0 |      35 |       0 |   0.0
        D:2 |     179 |      86 |  32.5 |      19 |       3 |  13.6
        D:3 |      93 |      36 |  27.9 |      15 |       1 |   6.2
        D:4 |     250 |       0 |   0.0 |      14 |       0 |   0.0
        D:5 |     307 |      36 |  10.5 |      11 |       1 |   8.3
        D:6 |     976 |       0 |   0.0 |      30 |       0 |   0.0
        D:7 |    1504 |     397 |  20.9 |      24 |      11 |  31.4
        D:8 |    1701 |       0 |   0.0 |      32 |       0 |   0.0
            +---------+---------+-------+---------+---------+-------
